 Dungeon Crawl Stone Soup version 0.26-a0-259-g1effd001a9 (webtiles) character file.

Game seed: 14551505630802169390

339 wvc the Ruffian (level 6, -13/61 HPs)
             Began as a Troll Monk on July 20, 2020.
             Mangled by an ogre
             ... wielding a +0 giant club
              (27 damage)
             ... on level 4 of the Dungeon.
             The game lasted 00:05:19 (2446 turns).

wvc the Ruffian (Troll Monk)                        Turns: 2446, Time: 00:05:20

Health: -13/61     AC:  6    Str: 20    XL:     6   Next: 29%
Magic:  5/5        EV: 11    Int:  6    God:
Gold:   171        SH:  0    Dex: 14    Spells: 5/5 levels left

rFire    + . .     SeeInvis .     - Unarmed
rCold    . . .     Faith    .   (no shield)
rNeg     . . .     Spirit   .   a - +0 robe
rPois    .         Reflect  .   (helmet restricted)
rElec    .         Harm     .   (no cloak)
rCorr    .                      (gloves unavailable)
MR       .....                  (boots unavailable)
Stlth    ++........             o - amulet of the acrobat
HPRegen  0.60/turn              i - ring of protection from fire
MPRegen  0.09/turn              (no ring)

@: no status effects
A: large, unfitting armour, claws 3, fast metabolism 1, regeneration 1, shaggy
fur 1, tough skin 3
a: no special abilities


You were on level 4 of the Dungeon.
You were not hungry.

You visited 1 branch of the dungeon, and saw 5 of its levels.

You collected 171 gold pieces.

Inventory:

Armour
 a - a +0 robe (worn)
Jewellery
 d - an uncursed amulet of magic regeneration
 i - a ring of protection from fire (left claw)
 o - an amulet of the acrobat (around neck)
Scrolls
 f - a scroll of teleportation {unknown}
 h - a scroll of remove curse
 m - a scroll of enchant armour {unknown}
 n - a scroll of identify
Potions
 c - a potion of mutation {unknown}
 e - 2 potions of might
 g - 3 potions of ambrosia
 j - a potion of heal wounds {unknown}
 k - 3 potions of berserk rage {unknown}
 l - 2 potions of lignification {unknown}
Comestibles
 b - 12 rations


   Skills:
 + Level 3.0 Fighting
 + Level 3.3 Dodging
 - Level 1.0 Stealth
 * Level 6.2 Unarmed Combat


You had 5 spell levels left.
You didn't know any spells.
Your spell library was empty.

Dungeon Overview and Level Annotations

Branches:
Dungeon (5/15)
 Temple: D:4-7

Altars:


Innate Abilities, Weirdness & Mutations

You are too large for most types of armour.
You have claws for hands.
You have a fast metabolism.
Your natural rate of healing is unusually fast.
You are covered in fur. (AC +1)
You have extremely tough skin. (AC +3)


Message History

You start resting.
You feel yourself slow down.
You start resting.
HP restored.
You climb downwards.
There is a stone staircase leading up here.
The ogre closely misses you.
You closely miss the ogre. You claw the ogre, but do no damage.
The ogre is moderately wounded.
The ogre hits you with a +0 giant club!!
You scratch the ogre.
The ogre is moderately wounded.
The ogre hits you with a +0 giant club!!
* * * LOW HITPOINT WARNING * * *
You scratch the ogre but do no damage.
The ogre is moderately wounded.
You claw the ogre!
The ogre is almost dead.
The ogre hits you with a +0 giant club!!
You die...

#...# #........#
#...#####........# #
#................# #
#......#####.########
#...##...............
#...########......###
#...########..##### #
###.<.##..o>...## #
#.....@Oo#####.#
#....##### #.### #....#
####...##
#....######...O#..###
#..###......##.##..>###
#......#######o####()).
######## #)# ##### #.#
########.######


You could see an ogre, an orc wizard and an orc.

Vanquished Creatures
  An orc priest (D:4)
  3 orc wizards (D:4)
  Natasha (thrice) (D:2)
  An iguana (D:4)
  2 worker ants
  An adder (D:4)
  A worm (D:3)
  A dart slug (D:4)
  3 leopard geckos
  5 orcs
  8 bats
  5 giant cockroaches
  5 goblins
  7 hobgoblins
  4 jackals (D:2)
  A quokka (D:2)
  A frilled lizard (D:2)
  A jackal skeleton (D:4)
  6 kobolds
  6 rats
65 creatures vanquished.

Notes
Turn   | Place    | Note
-------+----------+-------------------------------------------
     0 | D:1      | wvc the Troll Monk began the quest for the Orb.
     0 | D:1      | Reached XP level 1. HP: 22/22 MP: 0/0
   199 | D:1      | Reached XP level 2. HP: 29/29 MP: 1/1
   669 | D:2      | Noticed Natasha
   677 | D:2      | Killed Natasha
   677 | D:2      | Reached skill level 4 in Unarmed Combat
   677 | D:2      | Reached XP level 3. HP: 33/36 MP: 2/2
   700 | D:2      | Noticed Natasha
   711 | D:2      | Killed Natasha
   711 | D:2      | Reached XP level 4. HP: 27/44 MP: 3/3
   901 | D:2      | Noticed Natasha
   916 | D:2      | Killed Natasha
  2123 | D:4      | Reached skill level 5 in Unarmed Combat
  2123 | D:4      | Reached XP level 5. HP: 38/52 MP: 4/4
  2185 | D:5      | Entered Level 5 of the Dungeon
  2246 | D:4      | Reached XP level 6. HP: 57/59 MP: 5/5
  2263 | D:4      | Reached skill level 6 in Unarmed Combat
  2321 | D:4      | HP: 3/61 [ogre/+0 giant club (9)]
  2446 | D:4      | Mangled by an ogre

Illustrated notes

Levels and vault maps discovered:
D:1:      tarquinn_simple_flora_water_a, layout_loops_cross, minmay_door_square,
          chequers_serial_rivers_marsh
D:2:      layout_basic, first_ration, uniq_natasha
D:3:      layout_basic, lemuel_another_geyser
D:4:      layout_rooms, minmay_lizard_king
D:5:      layout_basic, chequers_temple_overflow_statue_of_worship,
          serial_shops, nicolae_shop_overgrown_old_shop,
          kennysheep_cross_bottleneck, serial_park_tiny_1, uniq_prince_ribbit1

Skill      XL: |  1  2  3  4  5  6 |
---------------+-------------------+-----
Unarmed Combat | 4 5 6 |  6.2
Dodging        | 3 |  3.3
Fighting       | 3 |  3.0
Stealth        | |  1.0

Action                   |  1- 3 |  4- 6 || total
-------------------------+-------+-------++-------
Melee: Unarmed           |    60 |   130 ||   190
       Punch             |     2 |     5 ||     7
  Use: Scroll            |     5 |     1 ||     6
       Potion            |       |     1 ||     1
 Stab: Sleeping          |     2 |     1 ||     3
  Eat: Ration            |       |     2 ||     2
Armor: Robe              |    24 |    38 ||    62
Dodge: Dodged            |    36 |    57 ||    93

Table legend:
 A = Non-vault XP
 B = Vault XP
 C = Vault XP percentage of total XP
 D = Non-vault monster count
 E = Vault monster count
 F = Vault count percentage of total count
                 A         B        C        D         E       F
            +---------+---------+-------+---------+---------+-------
      Total |     448 |      37 |   7.6 |      64 |       1 |   1.5
            +---------+---------+-------+---------+---------+-------
        D:1 |      21 |       0 |   0.0 |      12 |       0 |   0.0
        D:2 |     106 |      37 |  25.9 |      22 |       1 |   4.3
        D:3 |      28 |       0 |   0.0 |      15 |       0 |   0.0
        D:4 |     252 |       0 |   0.0 |      11 |       0 |   0.0
        D:5 |      41 |       0 |   0.0 |       4 |       0 |   0.0
            +---------+---------+-------+---------+---------+-------
